cohdb
Replays
Latest Replays
All Replays
Popular Replays
Top Player Replays
Match Explorer
How It Works
Community
CoH3 Stats
Reddit
Sign in to upload your games and track your stats! →
Sign in with Steam
Match 41881142
Unlisted
Match 41881142
Overview
Messages
Build Orders
End
Kradschützen Motorcycle Team
Selects Armored Support Battlegroup
250 Light Carrier
Panzerpioneer Squad
250 Light Carrier
Construct Light Support Kompanie
Combat Half-tracks
250 Light Carrier
Selects Superior Fire Drills
Kradschützen Motorcycle Team
Fire Support Elements
le.IG 18 Mechanized Group
Vehicle Survival Package
Pak 38 Anti-tank Gun Team
Construct Panzerarmee Kommand
Panzerpioneer Squad
250 Light Carrier
Emergency Repair Kits
Panzer III L Medium Tank
Advanced Field Repairs
Pak 38 Mechanized Group
Selects Flammpanzer III Medium Tank
AI Takeover
Kylen
runningDuck
KrysKryngles
Slrig
波菜
Qatheeb al-Akbar
NigelThornberry
YangXYZ
0
0
Comments
sign in to comment!
No comments posted yet!